 Dungeon Crawl Stone Soup version 0.29-a0-664-gff9cad4a3d (webtiles) character file.

Game seed: 11036929412213275487

396339 hquester1 the Hoplite (level 22, -1/204 (215) HPs)
             Began as a Minotaur Fighter on June 21, 2022.
             Was the Champion of Okawaru.
             Killed from afar by a shadow dragon (33 damage)
             ... with a bolt of negative energy
             ... on level 5 of the Vaults on June 22, 2022.
             The game lasted 05:10:04 (52368 turns).

hquester1 the Hoplite (Minotaur Fighter)           Turns: 52368, Time: 05:10:04

HP:   -1/204 (215)  AC: 49    Str: 38      XL:     22   Next: 19%
MP:   33/33         EV: 27    Int:  2 (4)  God:    Okawaru [******]
Gold: 618           SH: 33    Dex: 20      Spells: 25/25 levels left

rFire   + . .      SeeInvis +   N - +6 eveningstar (protect)
rCold   + + .      Faith    .   Q - +2 tower shield {rF+}
rNeg    . . .      Spirit   .   a - +9 gold dragon scales
rPois   +          Reflect  +   y - +2 hat
rElec   .          Harm     .   C - scarf {repulsion}
rCorr   .          Rampage  .   r - +2 pair of gloves of Omoriaz {Regen+ Str+7}
Will    +....                   A - +0 pair of boots {Stlth+}
Stlth   ..........              m - amulet of reflection
HPRegen 1.24/turn               v - ring of Piliol {Ice Dex+6 SInv}
MPRegen 0.23/turn               E - ring of the Hare {EV+8}

@: heroic, under a protective aura, on berserk cooldown, slowed, constricted,
studying 5 skills, drained, repel missiles, very slow
A: horns 2, retaliatory headbutt, sense surroundings 1, strong 1, MP-powered
wands
}: 2/15 runes: serpentine, barnacled
a: Renounce Religion, Heroism, Finesse, Duel


You were on level 5 of the Vaults.
You worshipped Okawaru.
Okawaru was exalted by your worship.
You visited 8 branches of the dungeon, and saw 40 of its levels.
You visited the Abyss 2 times.
You also visited: Ice Cave, Volcano and Wizlab.

You collected 4646 gold pieces.
You spent 4028 gold pieces at shops.

Inventory:

Hand Weapons
 j - a +2 sacred scourge of holy wrath
 w - a +4 eveningstar of holy wrath
 N - a +6 eveningstar of protection (weapon)
Armour
 a - +9 gold dragon scales (worn)
 r - the +2 pair of gloves of Omoriaz (worn) {Regen+ Str+7}
   (Okawaru gifted it to you on level 2 of the Elven Halls)

   Str:       It affects your strength (+7).
   Regen:     It increases your rate of health regeneration.
 y - a +2 hat (worn)
 A - a +0 pair of boots of stealth (worn)
 C - a scarf of repulsion (worn)
 D - the +2 cloak "Xuw Riph" {rPois Will+ rCorr Str+2}
   (You found it on level 1 of the Shoals)

   Str:       It affects your strength (+2).
   rPois:     It protects you from poison.
   rCorr:     It protects you from acid and corrosion.
   Will:      It increases your willpower.
 Q - a +2 tower shield of fire resistance (worn)
 R - the +0 kite shield of the Solstice {+Inv Str+2 Stlth+}
   (Okawaru gifted it to you on level 4 of the Shoals)

   Str:       It affects your strength (+2).
   +Inv:      It lets you turn invisible.
   Stlth:     It makes you more stealthy.
Jewellery
 m - an amulet of reflection (around neck)
 n - a ring of flight
 v - the ring of Piliol (left hand) {Ice Dex+6 SInv}
   (You took it off an orc on level 6 of the Dungeon)

   [ring of ice]

   It enhances your ice magic.
   Dex:       It affects your dexterity (+6).
   rF:        It makes you vulnerable to fire.
   rC:        It protects you from cold.
   SInv:      It lets you see invisible.
 E - the ring of the Hare (right hand) {EV+8}
   (You found it on level 13 of the Dungeon)

   [ring of evasion]

   EV:        It affects your evasion (+8).
 I - a +4 ring of slaying
 M - a ring of magical power
 V - the ring "Plog" {rC++ Str-2 Int+4 SInv}
   (You found it on level 13 of the Dungeon)

   [ring of see invisible]

   Str:       It affects your strength (-2).
   Int:       It affects your intelligence (+4).
   rC:        It greatly protects you from cold.
   SInv:      It lets you see invisible.
 Z - a ring of fire
Wands
 c - a wand of mindburst (35)
 e - a wand of iceblast (40)
 q - a wand of flame (130)
 x - a wand of digging (3)
 K - a wand of polymorph (14)
 S - a wand of light (6)
Scrolls
 f - 14 scrolls of teleportation
 l - 8 scrolls of blinking
 t - a scroll of amnesia
 z - a scroll of brand weapon
 B - 11 scrolls of fear
 F - 2 scrolls of magic mapping
 H - 3 scrolls of identify
 J - 6 scrolls of poison
 O - 4 scrolls of fog
 U - a scroll of silence
Potions
 d - 9 potions of might
 g - 5 potions of ambrosia
 h - 13 potions of haste
 i - 4 potions of flight
 k - 8 potions of curing
 o - a potion of berserk rage
 p - a potion of cancellation
 s - 6 potions of magic
 u - 9 potions of mutation
 L - 6 potions of brilliance
 P - a potion of lignification
 X - 2 potions of resistance
Miscellaneous
 b - a lightning rod (3/4)
 G - a tin of tremorstones (2/2)


   Skills:
 + Level 22.0(27) Fighting
 - Level 16.1(21.1) Maces & Flails
 + Level 11.2(16.2) Polearms
 + Level 19.8(24.8) Armour
 + Level 18.3(23.3) Dodging
 + Level 22.2(27) Shields
 + Level 2.1 Spellcasting
 + Level 5.2 Translocations
 + Level 7.1 Air Magic
 + Level 16.0 Invocations
 + Level 11.2 Evocations


You had 25 spell levels left.
You didn't know any spells.
Your spell library contained the following spells:

 Spells                   Type           Power      Damage    Failure   Level
 Apportation              Tloc           4%         N/A       26%         1
 Swiftness                Air            3%         N/A       36%         3
 Blink                    Tloc           4%         N/A       38%         2
 Poisonous Vapours        Pois/Air       2%         N/A       63%         2
 Static Discharge         Conj/Air       1%         N/A       63%         2
 Magic Dart               Conj           0%         1d3       93%         1
 Necrotize                Necr           0%         1d4       93%         1
 Sandblast                Erth           0%         2d4       93%         1
 Slow                     Hex            0%         N/A       93%         1
 Portal Projectile        Hex/Tloc       2%         N/A       93%         3
 Mephitic Cloud           Conj/Pois/Air  1%         N/A       95%         3
 Passage of Golubria      Tloc           2%         N/A       95%         4
 Ensorcelled Hibernation  Hex/Ice        0%         N/A       98%         2
 Passwall                 Tmut/Erth      0%         N/A       98%         2
 Sublimation of Blood     Necr           0%         N/A       98%         2
 Wereblood                Tmut           0%         N/A       98%         2
 Confusing Touch          Hex            0%         N/A       100%        3
 Conjure Flame            Conj/Fire      0%         6-21      100%        3
 Ignite Poison            Fire/Tmut/Pois 0%         N/A       100%        3
 Inner Flame              Hex/Fire       0%         N/A       100%        3
 Ozocubu's Armour         Ice            0%         N/A       100%        3
 Stone Arrow              Conj/Erth      0%         3d7       100%        3
 Vampiric Draining        Necr           0%         2d6       100%        3
 Cause Fear               Hex            0%         N/A       100%        4
 Corpse Rot               Necr/Pois/Air  1%         N/A       100%        4
 Fulminant Prism          Conj/Hex       0%         3d6       100%        4
 Iskenderun's Mystic Bla  Conj/Tloc      1%         2d3       100%        4
 Leda's Liquefaction      Hex/Erth       0%         N/A       100%        4
 Olgreb's Toxic Radiance  Pois           0%         N/A       100%        4
 Agony                    Necr           0%         N/A       100%        5
 Alistair's Intoxication  Tmut/Pois      0%         N/A       100%        5
 Blade Hands              Tmut           0%         N/A       100%        5
 Borgnjor's Vile Clutch   Necr/Erth      0%         N/A       100%        5
 Fireball                 Conj/Fire      0%         3d3       100%        5
 Freezing Cloud           Conj/Ice/Air   0%         6-21      100%        5
 Iskenderun's Battlesphe  Conj           0%         2d6       100%        5
 Lee's Rapid Deconstruct  Erth           0%         3d5*      100%        5
 Lightning Bolt           Conj/Air       0%         1d11      100%        5
 Manifold Assault         Tloc           2%         N/A       100%        5
 Silence                  Hex/Air        0%         N/A       100%        5
 Yara's Violent Unravell  Hex/Tmut       0%         3d3       100%        5
 Conjure Ball Lightning   Conj/Air       0%         3x3d6     100%        6
 Iron Shot                Conj/Erth      0%         9d1       100%        6
 Starburst                Conj/Fire      0%         6d3       100%        6
 Statue Form              Tmut/Erth      0%         N/A       100%        6
 Orb of Destruction       Conj           0%         9d5       100%        7
 Ozocubu's Refrigeration  Ice            0%         4d5       100%        7
 Storm Form               Tmut/Air       0%         N/A       100%        7
 Discord                  Hex            0%         N/A       100%        8
 Lehudib's Crystal Spear  Conj/Erth      0%         10d2      100%        8
 Maxwell's Capacitive Co  Air            1%         ∞         100%        8
 Summon Small Mammal      Summ           Unusable   N/A       N/A         1
 Summon Lightning Spire   Summ/Air       Unusable   N/A       N/A         4
 Summon Guardian Golem    Hex/Summ       Unusable   N/A       N/A         3
 Tukima's Dance           Hex            Unusable   N/A       N/A         3
 Animate Armour           Summ/Erth      Unusable   N/A       N/A         4
 Animate Dead             Necr           Unusable   N/A       N/A         4
 Death Channel            Necr           Unusable   N/A       N/A         6
 Summon Hydra             Summ           Unusable   N/A       N/A         7

Dungeon Overview and Level Annotations

Branches:
Dungeon (15/15)            Temple (1/1) D:6            Lair (6/6) D:8
 Shoals (4/4) Lair:2        Snake (4/4) Lair:3        Slime (0/5) Lair:6
    Orc (2/2) D:11            Elf (3/3) Orc:2        Vaults (5/5) D:14
  Crypt (0/3) Vaults:3     Depths (0/4) D:15          IceCv (visited)
Volcano (visited)          WizLab (visited)

Altars:
Ashenzari
Cheibriados
Dithmenos
Elyvilon
Fedhas
Gozag
Hepliaklqana
Kikubaaqudgha
Makhleb
Nemelex Xobeh
Okawaru
Qazlal
Ru
Sif Muna
Trog
Uskayaw
Vehumet
Wu Jian
Xom
Yredelemnul
Zin
The Shining One
Beogh

Shops:
D:3 [   D:5 =   D:9 =   D:13 :   D:15 ?   Orc:2 ?[(([   Elf:1 !   Elf:2 :
Shoals:3 (   Shoals:4 *   Snake:1 :[   Snake:3 (?(   Vaults:1 [   Vaults:2 ![
Vaults:4 ?

Portals:
Trove: Vaults:4 (lose all piety)

Annotations:
D:10 3 runed translucent doors
Lair:4 1 runed translucent door, Kazon's ghost, journeyman DrBe


Innate Abilities, Weirdness & Mutations

You have a pair of horns on your head.
You reflexively headbutt those who attack you in melee.
You passively map a small area around you.
Your muscles are strong. (Str +4, Int/Dex-1)
You expend magic power (3 MP) to strengthen your wands.


Message History

The thunderbolt hits the dread lich.
The dread lich resists.
The dread lich is almost destroyed.
The thunderbolt hits the Hell Sentinel.
The Hell Sentinel completely resists.
The thunderbolt hits the deep elf demonologist!
You kill the deep elf demonologist!
Okawaru accepts your kill.
The reaper disappears in a puff of smoke!
The hellwing disappears in a puff of smoke!
The Hell Sentinel disappears in a puff of smoke! x2
The neqoxec disappears in a puff of smoke!
You hear a shout! x6
The shock serpent changes into a glowing shapeshifter!
The glowing shapeshifter changes into an eye of devastation!
The ironbound convoker begins to recite a word of recall!
You block the shadow dragon's attack. x2
The shadow dragon completely misses you.
You block the freezing wraith's attack.
The freezing wraith completely misses you.
The dread lich mumbles some strange words.
The dread lich seems to speed up.
The tentacled monstrosity barely misses you.
You furiously retaliate!
You headbutt the tentacled monstrosity!
You block the tentacled monstrosity's attack.
The tentacled monstrosity completely misses you.
You block the tentacled monstrosity's attack.
The deep troll is engulfed in poison gas.
The deep troll is poisoned.
The Tzitzimitl engulfs you but does no damage.
The Tzitzimitl bites you but does no damage.
The tentacled monstrosity tentacle-slaps you.
* * * LOW HITPOINT WARNING * * *
You block the tentacled monstrosity's attack. x2
The tentacled monstrosity grabs you.
The tentacled monstrosity constricts you.
The stone giant is engulfed in poison gas.
The stone giant is poisoned.
You block the freezing wraith's attack.
The freezing wraith completely misses you.
The shadow dragon breathes negative energy at you.
The bolt of negative energy hits you!!
You feel drained.
You die...

* , + , ...#...p.#
.........# , * ,
........#, * ,
....... , , #..... ,
* *##...## ,,, *, ,,
...#..WG(#....#..##*
......D@D#....#...#
,
......1°X#...W#...,
,
:..#...D1L○..C...,,
* * #*
#####☼p§§☼...##### *
, ..☼○T°☼)°.....) ,
, ,,...°○<<)).)....
...°☼.)<)......
,..°..<<))2..... * *
##...).)§p#####


You could see a Hell Sentinel (summoned), 3 shadow dragons, a tentacled
monstrosity, a dread lich (fast, invisible), a Tzitzimitl (summoned), a vault
guard (poisoned), an eye of devastation shaped shifter, a deep troll shaped
shifter (poisoned), an ironbound convoker (chanting recall) and a freezing
wraith.

Vanquished Creatures
  Margery (Arena)
  Nikola (Elf:1)
  2 tentacled monstrosities
  3 deep elf blademasters
  Asterion (Snake:4)
  2 deep elf master archers (Elf:3)
  Agnes (Elf:1)
  Roxanne (Elf:3)
  Kirke (Elf:1)
  7 nagarajas
  3 fire giants
  An angel (WizLab)
  2 frost giants
  The ghost of Ixuijul the Spry, an adept GnWn of Hepliaklqana (Orc:1)
  A balrug (Abyss:4)
  8 vault wardens
  3 orc warlords
  2 deep elf sorcerers
  A deep elf elementalist (Elf:3)
  13 ironbound preservers
  7 very ugly things
  3 reapers (IceCv)
  12 ironbound thunderhulks
  A war gargoyle (Vaults:4)
  2 stone giants (Vaults:5)
  7 deep elf demonologists
  8 deep elf annihilators
  2 entropy weavers
  A black draconian (Abyss:4)
  A red draconian (Volcano)
  11 dire elephants
  An eidolon (Vaults:3)
  3 crystal guardians
  3 ettins
  8 deep elf death magi (Elf:3)
  5 merfolk javelineers (Shoals:4)
  9 merfolk impalers
  34 vault guards
  6 great orbs of eyes
  A rakshasa (D:12)
  3 deep elf high priests
  Harold (D:11)
  3 peacekeepers
  7 yaktaur captains
  14 hydras
  5 ironbound frosthearts
  An ogre mage (D:13)
  4 boulder beetles
  7 merfolk aquamancers
  2 catoblepae
  3 salamander tyrants
  4 caustic shrike simulacra (IceCv)
  2 merfolk avatars
  10 anacondas
  20 centaur warriors
  5 tengu warriors
  10 two-headed ogres
  17 naga warriors
  6 satyrs
  30 dancing weapons
  3 deep troll earth magi (Elf:1)
  34 slime creatures
  9 death yaks (Lair:6)
  11 naga sharpshooters
  6 shock serpents
  4 sun demons
  A vampire mage (Vaults:3)
  5 thrashing horrors
  3 orc high priests (Orc:2)
  6 hell knights
  27 deep elf knights
  A wretched star (Abyss:4)
  A shadow wraith (Vaults:1)
  The ghost of IdlyInterested the Slasher, a novice DsGl (D:7)
  2 salamander mystics
  9 large abominations
  2 sixfirhies (WizLab)
  3 skeletal warriors (D:12)
  A spatial maelstrom (Abyss:4)
  3 spriggan simulacra
  14 sea snakes
  2 obsidian statues (IceCv)
  7 naga ritualists
  29 deep trolls
  16 deep elf archers
  19 ironbound convokers
  An anaconda skeleton (WizLab)
  2 glowing orange brains
  3 phantasmal warriors
  2 orc knights (Vaults:3)
  9 wizards
  A harpy (shapeshifter) (Elf:1)
  3 bog bodies (IceCv)
  A harpy (Shoals:4)
  An orange crystal statue (Elf:1)
  8 necromancers
  38 deep elf pyromancers
  4 orc sorcerers
  21 fauns
  8 mana vipers
  A stone giant zombie (Vaults:4)
  9 salamanders
  2 worldbinders
  32 deep elf zephyrmancers
  10 manticores
  29 ugly things
  15 cyclopes
  2 oklob plants
  An elephant (shapeshifter) (Abyss:4)
  19 vault sentinels
  A cyclops (shapeshifter) (Vaults:5)
  2 water nymphs (Shoals:4)
  An apocalypse crab (Abyss:4)
  3 elephants (Lair:6)
  9 naga magi
  36 black mambas
  A smoke demon (WizLab)
  12 merfolk sirens
  5 guardian serpents
  Joseph (D:8)
  A molten gargoyle (Volcano)
  2 torpor snails
  12 cane toads
  A cane toad (shapeshifter) (D:15)
  A demonic crawler (Abyss:4)
  3 rime drakes
  2 unseen horrors
  16 yaktaurs
  2 tengu conjurers
  An ice devil (D:12)
  A spectral unseen horror (D:7)
  A tormentor (Abyss:4)
  10 komodo dragons
  5 freezing wraiths
  3 efreet
  2 golden dragon simulacra (IceCv)
  5 ancient zymes
  2 hellwings
  41 merfolk
  6 polar bears
  7 wind drakes
  2 meliai
  Grinder (D:5)
  A hornet (D:9)
  26 blink frogs
  2 raiju
  14 snapping turtles
  An ettin zombie (Abyss:4)
  2 dream sheep (Shoals:4)
  A jumping spider (Vaults:1)
  3 flying skulls (Abyss:4)
  2 shadows (D:10)
  5 starcursed masses (Abyss:4)
  10 water elementals
  2 vampires
  4 air elementals (Elf:1)
  2 wraiths
  6 wyverns
  20 humans
  5 basilisks
  3 small abominations
  2 chaos spawn
  10 fire bats
  61 yaks
  2 ynoxinuls (Abyss:4)
  A basilisk (shapeshifter) (D:13)
  5 fire elementals
  6 golden eyes (Abyss:4)
  A steam dragon (D:9)
  3 neqoxecs (Abyss:4)
  An elf skeleton (WizLab)
  A redback (Vaults:1)
  A hog (Elf:1)
  A human simulacrum (Vaults:4)
  3 wargs
  Edmund (D:4)
  A harpy simulacrum (IceCv)
  54 nagas
  2 spatial vortices (WizLab)
  An acid dragon (D:9)
  8 water moccasins
  4 hydra simulacra (IceCv)
  An ettin simulacrum (IceCv)
  24 orc warriors
  7 black bears
  An ice beast (Abyss:4)
  12 ogres
  An alligator simulacrum (IceCv)
  7 boggarts
  17 wolves
  9 centaurs
  5 gnoll sergeants
  15 bullfrogs
  A necrophage (D:4)
  11 earth elementals
  A glowing shapeshifter simulacrum (Vaults:4)
  A deep troll simulacrum (IceCv)
  11 wights
  13 killer bees
  4 electric eels
  4 howler monkeys
  6 lava snakes (Volcano)
  4 crimson imps (D:13)
  6 hounds
  2 quasits
  15 orc priests
  A centaur zombie (D:7)
  2 gnoll shamans
  A centaur skeleton (D:7)
  11 hell rats
  An iguana (D:4)
  27 orc wizards
  A centaur simulacrum (D:7)
  A howler monkey skeleton (D:7)
  30 gnolls
  7 adders
  2 shadow imps (D:5)
  5 white imps
  2 worms
  6 dart slugs
  98 orcs
  4 ball pythons
  7 endoplasms
  5 goblins
  3 hobgoblins
  2 jackals (D:1)
  7 quokkas
  4 bats
  3 frilled lizards
  6 kobolds
  6 rats
  A spectral hobgoblin (D:2)
  A butterfly (Lair:3)
1673 creatures vanquished.

Vanquished Creatures (others)
  A tengu reaver (Vaults:5)
  An ettin (Orc:1)
  A merfolk impaler (Shoals:4)
  A vault guard (Vaults:5)
  A two-headed ogre (Orc:1)
  A centaur warrior (Vaults:1)
  A sea snake (Shoals:4)
  A deep elf pyromancer (D:12)
  A deep elf zephyrmancer (Elf:1)
  A salamander (Snake:3)
  A merfolk siren (Shoals:4)
  An orc (Orc:2)
  19 fungi
  94 plants
125 creatures vanquished.

Grand Total: 1798 creatures vanquished

Notes
Turn   | Place    | Note
-------+----------+-------------------------------------------
     0 | D:1      | hquester1 the Minotaur Fighter began the quest for the Orb.
     0 | D:1      | Reached XP level 1. HP: 19/19 MP: 0/0
   343 | D:1      | Reached XP level 2. HP: 27/27 MP: 1/1
   749 | D:1      | Reached skill level 1 in Dodging
  1091 | D:2      | Reached XP level 3. HP: 28/33 MP: 2/2
  1392 | D:2      | Found a faded altar of an unknown god.
  1685 | D:3      | Found a white marble altar of Elyvilon.
  1903 | D:3      | Reached XP level 4. HP: 37/40 MP: 3/3
  1987 | D:3      | Found a shimmering blue altar of Sif Muna.
  2134 | D:3      | Found Becir's Antique Armour Boutique.
  2174 | D:3      | Bought a pair of embroidered gloves for 142 gold pieces
  2681 | D:4      | Reached XP level 5. HP: 30/47 MP: 4/4
  2823 | D:4      | Noticed an ogre
  2829 | D:4      | Killed an ogre
  2873 | D:4      | Found a stormy altar of Qazlal.
  3035 | D:4      | Found a shadowy altar of Dithmenos.
  3067 | D:4      | Noticed Edmund
  3078 | D:4      | Killed Edmund
  3079 | D:4      | Reached skill level 5 in Fighting
  3079 | D:4      | Reached skill level 5 in Armour
  3079 | D:4      | Reached skill level 5 in Shields
  3079 | D:4      | Reached XP level 6. HP: 54/56 MP: 5/5
  3220 | D:4      | Reached XP level 7. HP: 47/61 MP: 6/6
  3445 | D:5      | Entered Level 5 of the Dungeon
  3723 | D:5      | Found Atrurit's Jewellery Emporium.
  4247 | D:5      | Noticed Grinder
  4261 | D:5      | Killed Grinder
  4262 | D:5      | Reached skill level 5 in Maces & Flails
  4357 | D:6      | Reached XP level 8. HP: 49/70 MP: 7/7
  4726 | D:6      | Found a sacrificial altar of Ru.
  4748 | D:6      | Found a staircase to the Ecumenical Temple.
  4783 | Temple   | Entered the Ecumenical Temple
  4840 | Temple   | Became a worshipper of Warmaster Okawaru
  5068 | D:6      | Found a runed translucent door.
  5195 | D:6      | Reached skill level 5 in Dodging
  5196 | D:6      | Identified the ring of Piliol {Ice Dex+6 SInv}
  5635 | D:7      | Reached * piety under Okawaru
  5745 | D:7      | Found a basalt altar of Yredelemnul.
  5812 | D:7      | Reached XP level 9. HP: 79/79 MP: 8/8
  6013 | D:7      | Reached skill level 1 in Invocations
  6103 | D:7      | Found a runed translucent gate.
  6103 | D:7      | Found a runed translucent gate.
  6103 | D:7      | Found a runed translucent gate.
  6104 | D:7      | Noticed a spectral unseen horror
  6108 | D:7      | Noticed IdlyInterested's ghost (novice DsGl)
  6123 | D:7      | Reached ** piety under Okawaru
  7368 | D:8      | Found a staircase to the Lair.
  7467 | D:8      | Noticed Joseph
  7510 | D:8      | Killed Joseph
  7510 | D:8      | Reached *** piety under Okawaru
  7548 | D:8      | Reached XP level 10. HP: 13/85 MP: 11/11
  7975 | D:8      | Found an ornate altar of the Wu Jian Council.
  8656 | D:9      | Identified a scroll of acquirement
  8658 | D:9      | Acquired a manual of Fighting
  8765 | D:9      | Found Vusaga's One-of-a-Kind Rings.
  8922 | D:9      | Found a shimmering altar of Xom.
  9091 | D:10     | Entered Level 10 of the Dungeon
  9144 | D:10     | Found a runed translucent gate.
  9144 | D:10     | Noticed a red ugly thing
  9144 | D:10     | Noticed an orb spider
  9144 | D:10     | a komodo dragon changed into an orb spider
  9145 | D:10     | Noticed a glowing orange brain
  9146 | D:10     | Found a runed translucent gate.
  9146 | D:10     | Found a runed translucent gate.
  9148 | D:10     | Noticed a cyan ugly thing
  9148 | D:10     | Noticed a two-headed ogre
  9152 | D:10     | an orb spider changed into a merfolk
  9156 | D:10     | Noticed a manticore
  9156 | D:10     | a merfolk changed into a manticore
  9156 | D:10     | a manticore changed into a tarantella
  9162 | D:10     | Killed a two-headed ogre
  9162 | D:10     | Reached **** piety under Okawaru
  9162 | D:10     | Noticed a guardian serpent
  9162 | D:10     | a spriggan changed into a guardian serpent
  9164 | D:10     | a guardian serpent changed into a polar bear
  9166 | D:10     | Noticed a black mamba
  9166 | D:10     | a polar bear changed into a black mamba
  9167 | D:10     | a black mamba changed into a hog
  9177 | D:10     | Noticed a black mamba
  9177 | D:10     | a hog changed into a black mamba
  9542 | D:10     | Received a gift from Okawaru
 10094 | D:10     | Found a glowing silver altar of Zin.
 10409 | D:10     | Noticed a green ugly thing
 10413 | D:10     | Noticed a white ugly thing
 10547 | D:7      | Reached skill level 10 in Fighting
 10581 | D:7      | Killed IdlyInterested's ghost
 10582 | D:7      | Reached skill level 5 in Invocations
 10593 | D:7      | Reached XP level 11. HP: 86/100 MP: 9/13
 10663 | Lair:1   | Entered Level 1 of the Lair of Beasts
 10678 | Lair:1   | Reached ***** piety under Okawaru
 11751 | Lair:2   | Received a gift from Okawaru
 11752 | Lair:2   | Reached skill level 10 in Armour
 11844 | Lair:2   | Reached skill level 10 in Shields
 11872 | Lair:2   | Noticed an eight-headed hydra
 11888 | Lair:2   | Killed an eight-headed hydra
 12064 | Lair:2   | Found a staircase to the Shoals.
 12250 | Lair:2   | Reached skill level 10 in Maces & Flails
 12415 | Lair:2   | You fall into a shaft and drop 1 floor!
 12433 | Lair:3   | Reached ****** piety under Okawaru
 12525 | Lair:3   | Noticed a seven-headed hydra
 12546 | Lair:3   | Reached XP level 12. HP: 109/112 MP: 12/15
 12551 | Lair:3   | Killed a seven-headed hydra
 12551 | Lair:3   | Identified the +10 plate armour of Patterns {SInv} (Okawaru
                  | gifted it to you on level 3 of the Lair of Beasts)
 12551 | Lair:3   | Received a gift from Okawaru
 12773 | Lair:3   | Found a staircase to the Snake Pit.
 12886 | Lair:3   | Noticed a seven-headed hydra
 12893 | Lair:3   | Killed a seven-headed hydra
 13253 | Lair:3   | Noticed a four-headed hydra
 13263 | Lair:3   | Killed a four-headed hydra
 13465 | Lair:3   | Noticed a four-headed hydra
 13476 | Lair:3   | Killed a four-headed hydra
 14205 | Lair:2   | Noticed an eight-headed hydra
 14217 | Lair:2   | Killed an eight-headed hydra
 14741 | Lair:4   | Noticed a five-headed hydra
 14753 | Lair:3   | Killed a five-headed hydra
 14762 | Lair:4   | Reached skill level 10 in Dodging
 15354 | Lair:4   | Identified the +7 scale mail of Jetajusch {-Tele Str+7
                  | Slay-6} (Okawaru gifted it to you on level 4 of the Lair of
                  | Beasts)
 15354 | Lair:4   | Received a gift from Okawaru
 15396 | Lair:4   | Reached XP level 13. HP: 124/124 MP: 17/17
 15537 | Lair:4   | Found a runed translucent door.
 15543 | Lair:4   | Noticed Kazon's ghost (journeyman DrBe)
 16006 | Lair:5   | Found a dark tunnel.
 16013 | Volcano  | Entered a volcano
 16162 | Volcano  | Found a radiant altar of Vehumet.
 16163 | Volcano  | Noticed a red draconian
 16166 | Volcano  | Reached skill level 15 in Fighting
 16210 | Volcano  | Killed a red draconian
 16617 | Lair:5   | Identified the +7 whip "Dragon's Tongue" {vorpal, rCorr}
 16901 | Lair:5   | Received a gift from Okawaru
 17372 | Lair:6   | Entered Level 6 of the Lair of Beasts
 18062 | Lair:6   | Reached XP level 14. HP: 110/136 MP: 19/19
 18430 | Lair:6   | Received a gift from Okawaru
 18622 | Lair:6   | Got the Grimoire of Creative Clay
 18994 | Lair:6   | Found a staircase to the Slime Pits.
 19398 | D:11     | Noticed Harold
 19418 | D:11     | Killed Harold
 19598 | D:11     | Identified the +8 rapier of Waegemob {vorpal, rElec rN+++
                  | Will+ Dex-5}
 20065 | D:11     | Found a staircase to the Orcish Mines.
 20364 | D:12     | Identified the +1 leather armour of Vlad {Slay+3}
 20458 | D:12     | Identified the +2 hat of the Valley {rPois Will++} (Okawaru
                  | gifted it to you on level 12 of the Dungeon)
 20458 | D:12     | Received a gift from Okawaru
 20752 | D:12     | Reached skill level 10 in Invocations
 20970 | D:12     | Identified the +0 leather armour "Atamnyts" {*Corrode rF+
                  | Dex+2 Slay+4}
 21801 | Orc:1    | Entered Level 1 of the Orcish Mines
 21958 | Orc:1    | Found a transporter.
 21959 | Orc:1    | Noticed Ixuijul's ghost (adept GnWn)
 21960 | Orc:1    | Found a transporter.
 21960 | Orc:1    | Identified the +9 giant spiked club of Joyful Slaughter
                  | {drain, Int+3}
 21972 | Orc:1    | Noticed an orc warlord
 21999 | Orc:1    | Paralysed by an orc sorcerer for 4 turns
 22032 | Orc:1    | Killed an orc warlord
 22385 | Orc:2    | Entered Level 2 of the Orcish Mines
 22405 | Orc:2    | Found Riaraexu's Magic Scroll Emporium.
 22432 | Orc:2    | Paralysed by an orc sorcerer for 4 turns
 22465 | Orc:2    | Bought a scroll of acquirement for 520 gold pieces
 22466 | Orc:2    | Acquired a +1 eveningstar of protection
 22693 | Orc:2    | Found a staircase to the Elven Halls.
 22885 | Orc:2    | Found Rorut's Firing Range.
 23053 | Orc:2    | Noticed an orc warlord
 23096 | Orc:2    | Killed an orc warlord
 23133 | Orc:2    | Reached XP level 15. HP: 147/147 MP: 21/21
 23172 | Orc:2    | Found Jeph's Antique Weapon Shop.
 23176 | Orc:2    | Found Mafecago's Antique Armour Boutique.
 23401 | Orc:2    | Found Kathrili's Antique Armour Shoppe.
 23419 | Orc:2    | Bought a glowing hat for 259 gold pieces
 23419 | Orc:2    | Bought a pair of translucent boots for 351 gold pieces
 23419 | Orc:2    | Identified the +0 pair of boots of the Hidden Vale {Str+4}
                  | (You bought it in a shop on level 2 of the Orcish Mines)
 24004 | Orc:1    | Killed Ixuijul's ghost
 24004 | Orc:1    | Received a gift from Okawaru
 24277 | D:13     | Found the ring of the Hare {EV+8}
 24810 | D:13     | Found Eraemeh's Book Emporium.
 24862 | D:13     | Identified the ring "Plog" {rC++ Str-2 Int+4 SInv}
 25357 | D:14     | Reached skill level 1 in Evocations
 26751 | D:14     | Found a gate to the Vaults.
 26855 | D:15     | Entered Level 15 of the Dungeon
 26871 | D:15     | Received a gift from Okawaru
 27308 | D:15     | Found a staircase to the Depths.
 27609 | D:15     | Found Bulag's Magic Scroll Emporium.
 27617 | D:15     | Bought a scroll of enchant armour for 112 gold pieces
 27617 | D:15     | Upgraded the game from 0.29-a0-653-gd47aff6735 to
                  | 0.29-a0-664-gff9cad4a3d
 27738 | D:15     | Reached XP level 16. HP: 157/157 MP: 23/23
 27743 | D:15     | Found a shimmering blue altar of Sif Muna.
 28197 | Shoals:1 | Entered Level 1 of the Shoals
 28386 | Shoals:1 | Identified the +7 chain mail of the Sun {rElec Int+3 SInv}
 28679 | Shoals:1 | Reached skill level 15 in Shields
 28732 | Shoals:1 | Identified the +2 cloak "Xuw Riph" {rPois Will+ rCorr
                  | Str+2}
 28972 | Shoals:2 | Reached skill level 15 in Armour
 29368 | Shoals:2 | Received a gift from Okawaru
 29411 | Shoals:2 | Found a frozen archway.
 29420 | IceCv    | Entered an ice cave
 29495 | IceCv    | Reached skill level 15 in Maces & Flails
 30301 | Shoals:2 | Received a gift from Okawaru
 31190 | Shoals:3 | Reached skill level 5 in Evocations
 31488 | Shoals:3 | Found Vasios Ziut's Weapon Shoppe.
 31924 | Shoals:4 | Entered Level 4 of the Shoals
 32007 | Shoals:4 | Reached XP level 17. HP: 65/166 MP: 25/25
 32702 | Shoals:4 | Identified the +0 kite shield of the Solstice {+Inv Str+2
                  | Stlth+} (Okawaru gifted it to you on level 4 of the Shoals)
 32702 | Shoals:4 | Received a gift from Okawaru
 32774 | Shoals:4 | Found a shadowy altar of Dithmenos.
 33090 | Shoals:4 | Found Iroulet's General Store.
 33296 | Shoals:4 | Got a barnacled rune of Zot
 34120 | Snake:1  | Entered Level 1 of the Snake Pit
 34419 | Snake:1  | Received a gift from Okawaru
 34754 | Snake:1  | Found Holivyeg's Self-Improvement Boutique.
 34780 | Snake:1  | Bought a manual of Shields for 1120 gold pieces
 35270 | Snake:1  | Found Ynofimp's Antique Armour Shop.
 35725 | Snake:2  | Identified the +0 pair of boots of the End {Str+8} (Okawaru
                  | gifted it to you on level 2 of the Snake Pit)
 35725 | Snake:2  | Received a gift from Okawaru
 35743 | Snake:2  | HP: 7/168 [salamander/+2 halberd of freezing (9)]
 36139 | Snake:2  | You fall into a shaft and drop 1 floor!
 36158 | Snake:3  | Reached XP level 18. HP: 138/176 MP: 26/26
 36548 | Snake:3  | Reached skill level 15 in Dodging
 36928 | Snake:3  | Found Qahasyah's Antique Weapon Shoppe.
 36930 | Snake:3  | Found Taogaps's Magic Scroll Emporium.
 36932 | Snake:3  | Found Ekhexiell's Weapon Shoppe.
 36953 | Snake:3  | Bought a scroll of enchant weapon for 90 gold pieces
 37987 | Snake:4  | Entered Level 4 of the Snake Pit
 38038 | Snake:4  | Found a shadowy altar of Dithmenos.
 38686 | Snake:4  | Noticed Asterion
 38698 | Snake:4  | Killed Asterion
 39148 | Snake:4  | Received a gift from Okawaru
 39339 | Snake:4  | Got a serpentine rune of Zot
 39716 | Elf:1    | Entered Level 1 of the Elven Halls
 39758 | Elf:1    | Noticed Nikola
 39783 | Elf:1    | Killed Nikola
 40238 | Elf:1    | Found Cegephig's Distillery.
 40299 | Elf:1    | Noticed Kirke
 40305 | Elf:1    | Killed Kirke
 40340 | Elf:1    | Noticed Agnes
 40345 | Elf:1    | Killed Agnes
 40562 | Elf:1    | Paralysed by an air elemental for 1 turns
 40566 | Elf:1    | Paralysed by an air elemental for 1 turns
 40570 | Elf:1    | Paralysed by an air elemental for 1 turns
 40572 | Elf:1    | Paralysed by an air elemental for 1 turns
 40600 | Elf:1    | Cast into level 4 of the Abyss (+5 long sword of
                  | distortion)
 40630 | Abyss:4  | Noticed a lich
 40687 | Abyss:4  | Gained mutation: You passively map a small area around you.
                  | [a neqoxec]
 40793 | Abyss:4  | Gained mutation: You occasionally shout uncontrollably at
                  | your foes. [a neqoxec]
 40834 | Elf:1    | Escaped the Abyss
 41235 | Elf:1    | Identified the +1 kite shield of Generosity {rCorr}
                  | (Okawaru gifted it to you on level 1 of the Elven Halls)
 41235 | Elf:1    | Received a gift from Okawaru
 41258 | Elf:1    | Reached XP level 19. HP: 174/185 MP: 28/28
 41596 | Elf:1    | Paralysed by an air elemental for 1 turns
 41606 | Elf:1    | Paralysed by an air elemental for 1 turns
 42007 | Elf:1    | Identified the ring "Nierghowu" {Drain rF+ Str+6 Int+4
                  | Slay+2}
 42339 | Elf:2    | Found a huge runed translucent gate.
 42339 | Elf:2    | Found a huge runed translucent gate.
 42339 | Elf:2    | Found a huge runed translucent gate.
 42340 | Elf:2    | Found a huge runed translucent gate.
 42341 | Elf:2    | Found a huge runed translucent gate.
 43450 | Elf:2    | Identified the +2 pair of gloves of Omoriaz {Regen+ Str+7}
                  | (Okawaru gifted it to you on level 2 of the Elven Halls)
 43450 | Elf:2    | Received a gift from Okawaru
 43536 | Elf:2    | Found Faihoge's Book Shop.
 43946 | Elf:3    | Entered Level 3 of the Elven Halls
 44447 | Elf:3    | Identified the +8 whip "Taupro" {flame, rF+ rC+ Will-
                  | Str+3}
 44453 | Elf:3    | Got the Handbook of Poison
 44473 | Elf:3    | Identified the +6 glaive "Qoeh" {vorpal, rElec rC- Str+2}
 44477 | Elf:3    | Got Rapiolin's Catalogue of Confrontation
 44510 | Elf:3    | Identified the +7 scimitar of the Equinox {freeze, Fly
                  | Dex+3}
 44805 | Elf:3    | Reached skill level 1 in Polearms
 44805 | Elf:3    | Reached XP level 20. HP: 185/185 MP: 30/30
 44823 | Elf:3    | Reached skill level 1 in Air Magic
 44826 | Elf:3    | Identified the +8 bardiche "Osouwog" {protect, rC+ Str-4
                  | Int+2} (Okawaru gifted it to you on level 3 of the Elven
                  | Halls)
 44826 | Elf:3    | Received a gift from Okawaru
 44870 | Elf:3    | Noticed Roxanne
 44896 | Elf:3    | Killed Roxanne
 45439 | Vaults:1 | Entered Level 1 of the Vaults
 45725 | Vaults:1 | Identified the +1 flail of Death {flame, Will+}
 45861 | Vaults:1 | Identified the +7 hunting sling of Yvvoiblyd {venom, rPois
                  | rCorr Dex+4}
 45874 | Vaults:1 | Received a gift from Okawaru
 45875 | Vaults:1 | Reached skill level 15 in Invocations
 46072 | Vaults:1 | Reached skill level 10 in Evocations
 46249 | Vaults:1 | Reached skill level 5 in Polearms
 46547 | Vaults:1 | Found Vugis's Antique Armour Shoppe.
 46816 | Vaults:2 | Received a gift from Okawaru
 46881 | Vaults:2 | Found Ehoxtitint's Antique Armour Emporium.
 47050 | Vaults:2 | Identified the +3 arbalest "Wimadaa" {elec, rC+ rCorr Str+3
                  | Dex+4}
 47172 | Vaults:2 | Found Hyasil's Distillery.
 47216 | Vaults:2 | You fall into a shaft and drop 1 floor!
 47262 | Vaults:3 | Found a magical portal.
 47267 | WizLab   | Entered The Roulette of Golubria
 47267 | WizLab   | Found a transporter.
 47277 | WizLab   | Found a corrupted altar of Lugonu.
 47418 | WizLab   | Found a transporter.
 47463 | WizLab   | Found a transporter.
 47561 | WizLab   | Found a transporter.
 47609 | WizLab   | Found a transporter.
 47670 | WizLab   | Found a transporter.
 47670 | WizLab   | Found a transporter.
 47698 | WizLab   | Found a transporter.
 47698 | WizLab   | Found a transporter.
 47736 | WizLab   | Found a transporter.
 47736 | WizLab   | Found a transporter.
 47770 | WizLab   | Found a transporter.
 47770 | WizLab   | Found a transporter.
 47806 | WizLab   | Found a transporter.
 47831 | WizLab   | Found a transporter.
 47831 | WizLab   | Found a transporter.
 48003 | Vaults:3 | Reached skill level 1 in Translocations
 48009 | Vaults:3 | Cast into level 2 of the Abyss (a wizard)
 48090 | Abyss:4  | Identified the +1 cloak of Unambiguity {-Tele Harm Rampage}
                  | (Okawaru gifted it to you on level 4 of the Abyss)
 48090 | Abyss:4  | Received a gift from Okawaru
 48179 | Abyss:4  | Reached XP level 21. HP: 90/205 MP: 31/31
 48188 | Abyss:4  | Found a corrupted altar of Lugonu.
 48291 | Vaults:3 | Escaped the Abyss
 48293 | Vaults:3 | Lost mutation: You passively map a small area around you.
                  | [potion of mutation]
 48293 | Vaults:3 | Lost mutation: You occasionally shout uncontrollably at
                  | your foes. [potion of mutation]
 48293 | Vaults:3 | Gained mutation: You are dopey. (Int -2) [potion of
                  | mutation]
 48310 | Vaults:3 | Reached skill level 5 in Air Magic
 48369 | Arena    | Entered the Arena
 48580 | Vaults:3 | Lost mutation: You are dopey. (Int -2) [potion of mutation]
 48580 | Vaults:3 | Gained mutation: Your muscles are strong. (Str +4,
                  | Int/Dex-1) [potion of mutation]
 48580 | Vaults:3 | Gained mutation: You passively map a small area around you.
                  | [potion of mutation]
 48580 | Vaults:3 | Gained mutation: You expend magic power (3 MP) to
                  | strengthen your wands. [potion of mutation]
 49514 | Vaults:3 | Found a staircase to the Crypt.
 49996 | Vaults:4 | Identified the +1 pair of boots of Nukux {Harm *Corrode
                  | rPois rN+++} (Okawaru gifted it to you on level 4 of the
                  | Vaults)
 49996 | Vaults:4 | Received a gift from Okawaru
 50409 | Snake:1  | Bought a manual of Dodging for 1120 gold pieces
 50826 | Vaults:4 | Noticed Margery
 50860 | Arena    | Entered the Arena
 50867 | Arena    | Killed Margery
 50898 | Vaults:4 | Reached skill level 10 in Polearms
 50898 | Vaults:4 | HP: 4/206 [ironbound thunderhulk/+2 dire flail of draining
                  | (10)]
 51061 | Vaults:4 | Found Noetuir's Magic Scroll Shop.
 51259 | Vaults:4 | Reached skill level 1 in Spellcasting
 51295 | Vaults:4 | Bought a scroll of enchant armour for 157 gold pieces
 51295 | Vaults:4 | Bought a scroll of enchant weapon for 157 gold pieces
 51378 | Vaults:4 | Found a portal to a secret trove of treasure.
 52314 | Vaults:5 | Entered Level 5 of the Vaults
 52327 | Vaults:5 | Noticed a dread lich
 52332 | Vaults:5 | Reached XP level 22. HP: 215/215 MP: 32/32
 52339 | Vaults:5 | Reached skill level 5 in Translocations
 52361 | Vaults:5 | Identified the +1 halberd of Urgency {flame, Str+2 Int+3
                  | Stlth-} (Okawaru gifted it to you on level 5 of the Vaults)
 52361 | Vaults:5 | Received a gift from Okawaru
 52368 | Vaults:5 | Killed from afar by a shadow dragon

Illustrated notes

Levels and vault maps discovered:
D:1:      heliophobic_arrival_battle_scene, layout_basic
D:2:      layout_basic, dreamdust_ecumenical_altar_drowned_temple
D:3:      layout_basic, nicolae_overflow_hidden_temple, elyvilon_altar_1,
          serial_shops, shop
D:4:      minmay_angry_zag, layout_cave_pools,
          mainiacjoe_overflow_six_doors_small, nicolae_dithmenos_the_darkroom,
          uniq_edmund
D:5:      layout_loops_cross, minmay_shop_enchanted_jewellery, uniq_grinder
D:6:      layout_basic, overflow_temple_1_default, temple_statues,
          lightli_church_of_beogh
D:7:      layout_basic, mainiacjoe_overflow_catwalk, gammafunk_ghost_necromancy
D:8:      layout_rooms, nicolae_wu_jian_immortal_techniques, lair_entry_dummy,
          uniq_joseph
D:9:      cheibrodos_helix_gallery, layout_stronghold, kennysheep_mini,
          nicolae_shop_unique_rings
D:10:     layout_basic, zin_treasury,
          ploomutoo_gammafunk_ghost_potion_laboratory
D:11:     layout_irregular_city, orc_0_dummy, uniq_harold
D:12:     minmay_chambers_of_sixes, layout_layer_cave, gauntlet_entry_generic
D:13:     layout_stronghold, serial_shops, shop, minmay_fire_ice_demons
D:14:     nooodl_glass_maze, layout_cross, grunt_vaults_entry_tiered,
          chequers_serial_rivers_large_b
D:15:     hangedman_depths_entry_try_elsewhere_first, layout_basic,
          serial_shops, shop, kennysheep_orc_sif_temple
Temple:   cyrus_circular_temple
Lair:1:   beast_lair_carwin_large_1, layout_chaotic_city
Lair:2:   layout_layer_cave, elwin_shoals_entry_rocks, minmay_stone_trees_large,
          grunt_megastairs_1, serial_bayou_shore_a, infiniplex_staircase_pool_2
Lair:3:   nzn_winding_woodlands_small [nzn_winding_woodlands_5x15_zeroes,
          nzn_winding_woodlands_center_lodge,
          nzn_winding_woodlands_5x15_longhouse], layout_small_grid,
          minmay_snake_entry_guardpost_small, serial_forest,
          infiniplex_forest_straight_3, infiniplex_forest_clump_small,
          infiniplex_forest_clump_diagonal, infiniplex_forest_corner_1,
          lemuel_fruit_fields
Lair:4:   layout_gridlike, ebering_ghost_reflecting_pool, st_stairs_3,
          serial_bayou_shore_b
Lair:5:   layout_cave_shapes, enter_volcano_2, nicolae_lair_lil_pond,
          chequers_serial_rivers_marsh, grunt_megastairs_2
Lair:6:   gammafunk_lair_ancient_temple, layout_regular_city,
          dpeg_slime_entry_corner, st_stairs_4, nicolae_quartered_pool_little,
          nzn_sisyphean_effort
Shoals:1: layout_shoals
Shoals:2: cheibrodos_shoals_oceanic_diplomacy, layout_shoals,
          portal_ice_cave_entry_frozen_things, st_cyclops
Shoals:3: layout_shoals, serial_shops, shop
Shoals:4: shoals_end_simple, layout_shoals, serial_shops, nicolae_shop_trees,
          lemuel_oklob_altar
Snake:1:  layout_concentric_octagons, serial_shops, nicolae_shop_trees,
          nicolae_shop_self_help
Snake:2:  layout_layer_cave, serial_bayou_pond_e
Snake:3:  layout_grid_maze, minmay_shop_star
Snake:4:  minmay_snake_end_coiled, layout_basic, basic_altar,
          serial_bayou_crossing, uniq_asterion
Orc:1:    layout_caves, basic_altar, gammafunk_ghost_smash
Orc:2:    grunt_orc_community_town_hall, layout_diamond_mine,
          grunt_orc_community_big_house_1, grunt_orc_community_big_house_2,
          grunt_orc_community_house_1, grunt_orc_community_house_1,
          grunt_orc_community_house_1, grunt_orc_community_house_3,
          grunt_orc_community_house_1, grunt_orc_community_house_1,
          abandoned_shop, nicolae_shop_firing_range
Elf:1:    eino_elf_arrival_sip, layout_geoelf_grid, serial_shops, shop,
          evilmike_minifort, minivault_16, nicolae_elf_deep_friendship,
          uniq_nikola, uniq_agnes, uniq_kirke
Elf:2:    elven_hall_of_blades_hangedman_alternative
          [nicolae_blade_entry_area_security], layout_onion_city, serial_shops,
          shop_statue, evilmike_ambush [evilmike_ambush_outer_basic,
          evilmike_ambush_inner_cross]
Elf:3:    elf_hall, layout_geoelf_octagon, minivault_26, grunt_ministairs_12,
          uniq_roxanne
Vaults:1: vaults_room_boxed, vaults_room_hangedman_quadrants,
          ontoclasm_vaults_eye, vaults_room_semicircle,
          hangedman_vaults_corner_blocks, nicolae_vaults_what_the_h, v_misc_15,
          v_misc_25, vaults_dpeg_encased_lava, grunt_vaults_focal,
          nicolae_vaults_angled_halls, vaults_room_semicircle,
          layout_vaults_maze_snakey, serial_shops, shop
Vaults:2: vaults_mumra_minichess_inversion, ontoclasm_vaults_tryst,
          vaults_standard_mumra_x, nicolae_vaults_yaktaur_gun_rack,
          nicolae_vaults_diagonal_hallway_9, dpeg_vaults_monster_box,
          nicolae_vaults_ninety_degrees, nicolae_vaults_puzzle_piece,
          ontoclasm_vaults_idyll, nicolae_vaults_specimen_jars,
          layout_vaults_ring, serial_shops, shop, shop_fountains, shop_coins
Vaults:3: infiniplex_enter_wizlab_spiral, nicolae_vaults_sealed_display,
          nicolae_vaults_alarming, nicolae_vaults_big_ls,
          hangedman_vaults_variations, st_diamondy, vaults_room_corners,
          ontoclasm_vaults_shuriken, minmay_crypt_entry_simple_box,
          layout_vaults_omnigrid
Vaults:4: v_misc_13, v_rooms_6, vaults_mumra_chevron_long,
          ontoclasm_vaults_echo, nicolae_vaults_ring_of_whatevers,
          vaults_room_fancy_cross, vaults_dpeg_ring, vaults_mumra_hex,
          layout_vaults_big_room, enter_trove_5, serial_shops, shop_scrolls,
          uniq_margery
Vaults:5

Skill      XL: |  1  2  3  4  5  6  7  8  9 10 11 12 13 14 15 16 17 18 19 20 21 22 |
---------------+-------------------------------------------------------------------+-----
Dodging        | 1 2 3 4 5 6 7 9 10 11 12 13 14 15 16 17 18 | 18.3
Fighting       | 4 5 6 7 8 10 12 14 15 17 18 19 20 21 22 | 22.0
Armour         | 4 5 6 7 8 9 10 11 12 13 14 15 16 17 18 19 | 19.8
Shields        | 4 5 6 7 8 9 10 11 12 13 14 15 16 18 20 21 22 | 22.2
Maces & Flails | 3 4 5 6 7 9 10 11 12 13 14 15 16 | 16.1
Invocations    | 3 5 6 7 9 10 11 12 13 14 15 16 | 16.0
Evocations     | 3 5 6 8 9 10 11 | 11.2
Polearms       | 1 7 10 11 | 11.2
Air Magic      | 4 6 7 |  7.1
Translocations | 1 4 5 |  5.2
Spellcasting   | 1 2 |  2.1

Action                   |  1- 3 |  4- 6 |  7- 9 | 10-12 | 13-15 | 16-18 | 19-21 | 22-24 || total
-------------------------+-------+-------+-------+-------+-------+-------+-------+-------++-------
Melee: Flail             |    84 |    78 |   474 |   770 |  1148 |       |       |       ||  2554
       Headbutt          |    14 |     8 |    85 |   198 |   570 |   523 |   573 |     8 ||  1979
       Whip              |       |       |       |       |    12 |       |       |       ||    12
       Eveningstar       |       |       |       |       |   720 |  1824 |  1784 |    30 ||  4358
Invok: Heroism           |       |       |       |     4 |     8 |     6 |    10 |       ||    28
       Finesse           |       |       |       |       |     1 |       |     2 |       ||     3
       Duel              |       |       |       |       |       |       |     2 |       ||     2
Evoke: Lightning rod     |       |       |       |       |       |       |     4 |     1 ||     5
       Wand              |       |       |       |       |       |       |     1 |       ||     1
  Use: Scroll            |     7 |       |    11 |     7 |    13 |     8 |    12 |     3 ||    61
       Potion            |       |     1 |     3 |     1 |     1 |     7 |    13 |     2 ||    28
 Stab: Petrified         |       |       |       |       |     3 |       |       |       ||     3
       Distracted        |       |       |       |       |       |     1 |       |       ||     1
       Paralysed         |       |       |       |       |       |       |     1 |       ||     1
Armor: Scale mail        |    43 |    22 |     2 |       |       |       |       |       ||    67
       Gold dragon scale |       |       |   214 |   253 |   115 |   486 |   437 |    33 ||  1538
       Plate armour      |       |       |       |   110 |   380 |       |       |       ||   490
Dodge: Dodged            |    33 |    26 |   105 |   355 |   649 |   857 |   861 |    76 ||  2962
       Repelled          |       |       |     1 |     5 |    13 |    37 |    37 |     2 ||    95
Block: Buckler           |    14 |    37 |   230 |       |       |       |       |       ||   281
       Reflection        |       |       |     8 |    10 |    59 |   186 |   174 |     2 ||   439
       Kite shield       |       |       |    68 |   823 |  1605 |  1239 |       |       ||  3735
       Tower shield      |       |       |       |       |       |   776 |  2195 |    84 ||  3055

Table legend: (Time is in decaauts)
 A = Elapsed time spent in this place.
 B = Non-inter-level travel time spent in this place.
 C = Inter-level travel time spent in this place.
 D = Time resting spent in this place.
 E = Time spent auto-exploring this place.
 F = Levels seen in this place.
 G = Mean time per level.
                   A        B        C        D        E       F      G
               +--------+--------+--------+--------+--------+-----+--------+
         Total |  52124 |  49336 |   2788 |   7848 |  26078 |  47 | 1109.0 |
       Dungeon |  17673 |  16455 |   1218 |   1365 |  10855 |  15 | 1178.2 |
        Temple |     64 |     57 |      7 |      0 |     44 |   1 |   64.0 |
          Lair |   8476 |   8020 |    456 |    703 |   5062 |   6 | 1412.7 |
        Shoals |   5235 |   5037 |    198 |    729 |   2583 |   4 | 1308.8 |
     Snake Pit |   5460 |   5230 |    230 |   1951 |   1752 |   4 | 1365.0 |
  Orcish Mines |   2331 |   2225 |    106 |    624 |    942 |   2 | 1165.5 |
   Elven Halls |   5290 |   5143 |    147 |   1509 |   1767 |   3 | 1763.3 |
        Vaults |   5328 |   4904 |    424 |    780 |   2418 |   5 | 1065.6 |
         Abyss |    509 |    509 |      0 |     56 |     16 |   2 |  254.5 |
      Ice Cave |    799 |    799 |      0 |     90 |    390 |   1 |  799.0 |
       Volcano |    355 |    355 |      0 |     21 |      0 |   1 |  355.0 |
        Wizlab |    558 |    558 |      0 |      0 |    246 |   1 |  558.0 |
         Arena |     39 |     39 |      0 |     18 |      0 |   2 |   19.5 |
               +--------+--------+--------+--------+--------+-----+--------+

Top non-repeatable levels by time:
   Elf:1: 2138 daAuts
Shoals:4: 2107 daAuts
   Elf:2: 1916 daAuts
 Snake:3: 1899 daAuts
Vaults:3: 1898 daAuts
  Lair:6: 1812 daAuts
  Lair:2: 1783 daAuts
    D:12: 1733 daAuts
    D:14: 1619 daAuts
  Lair:3: 1528 daAuts
 Snake:4: 1493 daAuts
Vaults:4: 1478 daAuts
     D:8: 1471 daAuts
    D:10: 1417 daAuts
 Snake:1: 1404 daAuts
